 Dungeon Crawl Stone Soup version 0.22.1-6-g1668fe2 (webtiles) character file.

5714 sscrawl123 the Severer (level 10, -22/84 HPs)
             Began as a Minotaur Berserker on Feb 9, 2019.
             Was a High Priest of Trog.
             Killed from afar by Erolcha (31 damage)
             ... with a fireball
             ... while paralysed by Erolcha
             ... on level 9 of the Dungeon.
             The game lasted 00:21:56 (8156 turns).

sscrawl123 the Severer (Minotaur Berserker)         Turns: 8156, Time: 00:21:57

Health: -22/84     AC:  0    Str: 24    XL:     10   Next: 48%
Magic:  9/9        EV:  3    Int:  4    God:    Trog [*****.]
Gold:   253        SH:  0    Dex: 11    Spells: 9/9 levels left

rFire    . . .     SeeInvis .   (weapon currently unavailable)
rCold    . . .     Gourm    .   (shield currently unavailable)
rNeg     . . .     Faith    .   (armour currently unavailable)
rPois    .         Spirit   .   (helmet currently unavailable)
rElec    .         Reflect  .   (cloak currently unavailable)
rCorr    .         Harm     .   (gloves currently unavailable)
MR       .....                  (boots currently unavailable)
Stlth    +.........             (no amulet)
HPRegen  0.24/turn              (ring currently unavailable)
MPRegen  0.11/turn              (ring currently unavailable)

@: paralysed, pig-form (expiring), very quick
A: small, (retaliatory headbutt)
a: Berserk, Trog's Hand, Brothers in Arms, Renounce Religion


You were on level 9 of the Dungeon.
You worshipped Trog.
Trog was extremely pleased with you.
You were not hungry.
You were a filthy swine.
You visited 1 branch of the dungeon, and saw 9 of its levels.

You collected 463 gold pieces.
You spent 210 gold pieces at shops.

Inventory:

Hand Weapons
 a - a +0 hand axe
 G - a +0 trident
 H - a +2 broad axe of freezing (melded)
 M - a +0 war axe
Missiles
 E - 6 tomahawks of returning (quivered)
Armour
 b - a +0 animal skin
 l - a +1 cloak (melded)
 m - a +0 ring mail (melded)
 r - a +0 scale mail
 A - a +2 pair of gloves (melded)
 C - a +1 pair of boots (melded)
Jewellery
 d - a +3 ring of intelligence
 i - an uncursed ring of fire
 k - an uncursed ring of positive energy
 n - a +3 ring of strength (melded)
 o - an uncursed ring of positive energy
 u - a +4 ring of strength (melded)
 D - a cursed -2 ring of protection {unknown}
 F - an uncursed ring of fire
 O - a +2 ring of protection {unknown}
Wands
 w - a wand of iceblast (9)
Scrolls
 e - 12 scrolls of teleportation
 h - 2 scrolls of amnesia
 p - a scroll of fear
 t - 3 scrolls of noise
 v - 6 scrolls of remove curse
 x - a scroll of magic mapping
 y - a scroll of enchant armour
 B - 2 scrolls of identify
 I - a scroll of vulnerability {unknown}
 K - a scroll of acquirement {unknown}
 L - a scroll of enchant weapon {unknown}
Potions
 f - 3 potions of curing
 g - 4 potions of flight {unknown}
 j - 2 potions of degeneration {unknown}
 q - 2 potions of berserk rage {unknown}
 s - 2 potions of mutation {unknown}
 z - a potion of lignification {unknown}
 J - a potion of heal wounds {unknown}
 N - a potion of resistance {unknown}
Comestibles
 c - 11 rations


   Skills:
 - Level 6.7 Fighting
 * Level 15.8 Axes
 - Level 5.9 Armour
 - Level 4.6 Dodging


You had 9 spell levels left.
You didn't know any spells.
Your spell library was empty.

Dungeon Overview and Level Annotations

Branches:
Dungeon (9/15)             Temple (0/1) D:6            Lair (0/6) D:9
    Orc: D:9-12

Altars:
Cheibriados
Dithmenos
Gozag
Kikubaaqudgha
Nemelex Xobeh
Okawaru
Qazlal
Sif Muna
Trog
Vehumet
Xom
Yredelemnul
The Shining One

Shops:
D:4 ?   D:6 **([

Annotations:
D:4 2 transporters, Steadysplat's ghost, amateur FoFi
D:5 2 transporters, Inchmeat's ghost, novice HOGl
D:9 1 runed door, Erolcha; cortilian1's ghost, novice HOBe


Innate Abilities, Weirdness & Mutations

((You reflexively headbutt those who attack you in melee.))
((You have a pair of horns on your head.))


Message History

Erolcha is severely wounded.
Erolcha closely misses you.
Erolcha screams, "DIE!"
Erolcha points at you and mumbles some strange words.
The orb of energy misses you.
Erolcha zaps a wand.
You see here a glowing spear.
Erolcha screams, "Erolcha angry!"
Your transformation is almost over.
Erolcha points at you and mumbles some strange words.
The orb of energy hits the fungus.
The orb of energy explodes!
The mystic blast hits you!
Erolcha points at you and mumbles some strange words.
The orb of energy hits you!
* * * LOW HITPOINT WARNING * * *
Erolcha casts a spell at you.
You suddenly lose the ability to move!
Erolcha gestures at you while chanting.
The fireball explodes!
The fireball engulfs you!
You die...

......##########.................
####..# #.##############.. #..#
#<# #.. ####..# #.# #..
......##########.##############..
...............................>.
######........ .... .............
###.....######.##########.#####
.##.........##..h...........#####
.#........P..#...................
....P......P..O....#########.....
.......>.).........# #...##
#.........PP.......# #...#
##...........#.....# #...##
##.†.......##.....#########.....
###.....####...................
......................##########


You could see Erolcha.

Vanquished Creatures
  2 two-headed ogres (D:9)
  An elephant (D:9)
  A troll (D:9)
  A yak (D:9)
  2 basilisks (D:9)
  A hungry ghost (D:8)
  3 orc warriors
  An ice beast (D:9)
  A sky beast (D:9)
  2 phantoms
  A black bear (D:7)
  4 centaurs
  5 big kobolds
  4 bullfrogs
  A scorpion (D:6)
  4 wights (D:7)
  7 howler monkeys
  5 crimson imps
  A hound (D:8)
  2 jellies
  A gnoll shaman (D:5)
  6 orc priests
  A centaur skeleton (D:4)
  13 orc wizards
  An iguana (D:9)
  2 worker ants
  A hound skeleton (D:7)
  A worker ant zombie (D:6)
  8 adders
  4 gnolls (D:5)
  3 shadow imps
  An ooze (D:5)
  An adder skeleton (D:4)
  4 worms
  A dart slug (D:3)
  2 leopard geckos
  35 orcs
  2 giant cockroaches
  8 goblins
  11 hobgoblins
  18 kobolds
  4 quokkas
  2 ball pythons
  7 bats
  8 frilled lizards
  A quokka zombie (D:7)
  9 rats
204 creatures vanquished.

Notes
Turn   | Place    | Note
-------+----------+-------------------------------------------
     0 | D:1      | sscrawl123 the Minotaur Berserker began the quest for the
                  | Orb.
     0 | D:1      | Reached XP level 1. HP: 19/19 MP: 0/0
   582 | D:1      | Reached skill level 4 in Axes
   582 | D:1      | Reached XP level 2. HP: 25/27 MP: 1/1
  1144 | D:2      | Reached XP level 3. HP: 13/34 MP: 2/2
  1690 | D:2      | Found a glowing golden altar of the Shining One.
  1816 | D:2      | Reached ** piety under Trog
  2249 | D:3      | Reached XP level 4. HP: 34/41 MP: 3/3
  2322 | D:3      | Reached skill level 5 in Fighting
  2322 | D:3      | Reached skill level 5 in Axes
  2328 | D:3      | Reached XP level 5. HP: 42/48 MP: 4/4
  2666 | D:3      | Reached *** piety under Trog
  2959 | D:4      | Noticed a phantom
  3008 | D:4      | Killed a phantom
  3008 | D:4      | Reached XP level 6. HP: 40/56 MP: 5/5
  3091 | D:4      | Reached skill level 6 in Axes
  3365 | D:4      | Found a transporter.
  3365 | D:4      | Noticed Steadysplat's ghost (amateur FoFi)
  3437 | D:4      | Found a transporter.
  3474 | D:4      | Found a basalt altar of Yredelemnul.
  3478 | D:4      | Found a white marble altar of Elyvilon.
  3478 | D:4      | Found a stormy altar of Qazlal.
  3480 | D:4      | Found a shimmering altar of Xom.
  3480 | D:4      | Found an opulent altar of Gozag.
  3480 | D:4      | Found a shimmering altar of Xom.
  3533 | D:4      | Found Vatudar's Magic Scroll Emporium.
  3690 | D:5      | Entered Level 5 of the Dungeon
  3791 | D:5      | Reached XP level 7. HP: 58/62 MP: 6/6
  3913 | D:5      | Found a transporter.
  3924 | D:5      | Noticed Inchmeat's ghost (novice HOGl)
  3925 | D:5      | Reached skill level 7 in Axes
  4164 | D:5      | Found a transporter.
  4373 | D:6      | Reached skill level 5 in Armour
  4386 | D:6      | Found Detho's General Store.
  4455 | D:6      | Received a gift from Trog
  4457 | D:6      | Reached skill level 8 in Axes
  4509 | D:6      | Reached XP level 8. HP: 63/71 MP: 7/7
  4518 | D:6      | Found a staircase to the Ecumenical Temple.
  4592 | D:6      | Found Widwitri's Antique Weapon Emporium.
  4700 | D:6      | Found Nealac's Armour Shop.
  4720 | D:6      | Reached **** piety under Trog
  4842 | D:6      | Reached skill level 9 in Axes
  5138 | D:6      | Bought a glowing broad axe for 210 gold pieces
  5514 | D:6      | Found Ameq's General Store.
  5665 | D:7      | Found a bloodstained altar of Trog.
  5746 | D:7      | Reached skill level 10 in Axes
  5778 | D:7      | Reached skill level 11 in Axes
  6086 | D:7      | Reached XP level 9. HP: 77/78 MP: 8/8
  6169 | D:7      | Found an opulent altar of Gozag.
  6174 | D:7      | Found a sparkling altar of Nemelex Xobeh.
  6176 | D:7      | Found an iron altar of Okawaru.
  6176 | D:7      | Found a stormy altar of Qazlal.
  6177 | D:7      | Found an ancient bone altar of Kikubaaqudgha.
  6177 | D:7      | Found a snail-covered altar of Cheibriados.
  6180 | D:7      | Found a shadowy altar of Dithmenos.
  6181 | D:7      | Found a deep blue altar of Sif Muna.
  6907 | D:8      | Reached skill level 12 in Axes
  6976 | D:8      | Found a radiant altar of Vehumet.
  7361 | D:8      | Reached skill level 13 in Axes
  7456 | D:9      | Noticed a two-headed ogre
  7464 | D:9      | Killed a two-headed ogre
  7464 | D:9      | Reached skill level 14 in Axes
  7467 | D:9      | Reached XP level 10. HP: 84/84 MP: 9/9
  7568 | D:9      | Found a runed door.
  7568 | D:9      | Noticed cortilian1's ghost (novice HOBe)
  7568 | D:9      | Noticed a centaur warrior
  7596 | D:9      | Reached ***** piety under Trog
  7630 | D:9      | Noticed a two-headed ogre
  7638 | D:9      | Killed a two-headed ogre
  7638 | D:9      | Reached skill level 15 in Axes
  7870 | D:9      | Found a staircase to the Lair.
  7870 | D:9      | Noticed an elephant
  7875 | D:9      | Noticed Erolcha
  8047 | D:9      | Killed an elephant
  8152 | D:9      | Paralysed by Erolcha for 5 turns
  8156 | D:9      | Killed from afar by Erolcha

Skill      XL: |  1  2  3  4  5  6  7  8  9 10 |
---------------+-------------------------------+-----
Axes           | 4 5 6 8 11 14 15 | 15.8
Fighting       | 4 5 6 |  6.7
Dodging        | 3 4 |  4.6
Armour         | 3 4 5 |  5.9

Action                   |  1- 3 |  4- 6 |  7- 9 | 10-12 || total
-------------------------+-------+-------+-------+-------++-------
Melee: Hand axe          |    79 |   134 |   101 |       ||   314
       Headbutt          |    18 |    22 |    47 |    13 ||   100
       Broad axe         |       |       |   128 |    39 ||   167
       Unarmed           |       |       |       |     1 ||     1
Invok: Berserk           |       |       |     6 |     2 ||     8
  Use: Scroll            |       |     5 |     7 |     1 ||    13
  Eat: Ration            |     2 |     1 |     6 |     1 ||    10
Armor: Animal skin       |     8 |       |       |       ||     8
       Ring mail         |    15 |    30 |    85 |    18 ||   148
Dodge: Dodged            |    52 |    75 |   118 |    27 ||   272
